[Event "Late-Titled-Tuesday-Blitz-October-10-2023"]
[Site "Chess.com"]
[Date "2023.10.10"]
[Round "3"]
[White "onnoelgersma"]
[Black "AungTZ"]
[Result "1/2-1/2"]
[WhiteElo "2506"]
[BlackElo "2044"]
[TimeControl "180+1"]
[EndTime "14:26:55 PDT"]
[Termination "Game drawn - insufficient material"]

1. e4 c5 2. Nf3 Nc6 3. Bb5 e6 4. O-O Nge7 5. Re1 a6 6. Bf1 d5 7.
exd5 Nxd5 8. d4 Be7 9. c4 Nf6 10. Be3 cxd4 11. Nxd4 Bd7 12. Nc3 O-O 13. a3 Qc7 14. h3 Rfd8 15. Nxc6 Bxc6 16. Qc2 Rac8 17. Rad1 Qb8 18. Rxd8+ Rxd8 19. Rd1 h6 20. Bd3 b5 21. cxb5 axb5 22. Be2 Rxd1+ 23. Qxd1 Qb7 24. Bd4 b4 25. axb4 Qxb4 26. Qd2 Ne4 27. Nxe4 Bxe4 28. Qxb4 Bxb4 29. Bc3 Bxc3 30. bxc3 Kf8 31. f3 Bb7 32. Kf2 Ke7 33. Ke3 Kd6 34. Bd3 Kc5 35. g3 Bd5 36. h4 e5 37. f4 exf4+ 38. Kxf4 Be6 39. Ke5 Bc4 40.
Bxc4 Kxc4 41. Kd6 Kxc3 42. Ke7 f5 43. Ke6 g6 44. Kf6 Kd4 45. Kxg6 Ke4 46. Kxh6 Kf3 47. Kg5 Kxg3 48. h5 f4 49. h6 f3 50. h7 f2 51.
h8=Q f1=Q 52. Qh4+ Kg2 53. Qg4+ Kh2 54. Qh4+ Qh3 55.
Qb4 Qg3+ 56. Kh5 Qh3+ 57. Kg5 Qg3+ 58. Kf5 Qf3+ 59. Ke5 Qe3+ 60. Kd5 Qd3+ 61. Kc6 Qf3+ 62. Kb6 Qe3+ 63. Ka6 Qd3+ 64. Kb7 Qd5+ 65. Kc7 Qf7+ 66. Kc6 Qe6+ 67. Kb5 Qd5+ 68. Ka6 Qc6+ 69. Ka7 Qc7+ 70. Ka6 Qc6+ 71. Ka5 Qc7+ 72. Ka4 Qc6+ 73. Kb3 Qd5+ 74. Kb2 Qe5+ 75. Kc2 Qf5+ 76. Kd1 Qh5+ 77. Ke1 Qe5+ 78. Kf1 Qf5+ 79. Ke2 Qe5+ 80. Kf3 Qf5+ 81.
Ke3 Qe5+ 82. Kd2 Qd5+ 83. Kc3 Qc6+ 84. Kb2 Qf6+ 85. Kb1 Qf5+ 86. Ka1 Qe5+ 87. Ka2 Qd5+ 88. Kb2 Qe5+ 89. Kc2 Qf5+ 90. Kd2 Qg5+ 91. Ke2 Qh5+ 92. Kf1 Qf5+ 93. Ke2 Qe5+ 94. Kf3 Qf5+ 95. Qf4+ Qxf4+ 96. Kxf4 1/2-1/2

[Event "Late-Titled-Tuesday-Blitz-October-10-2023"]
[Site "Chess.com"]
[Date "2023.10.10"]
[Round "3"]
[White "jguerramzllo"]
[Black "MalyDominator"]
[Result "1-0"]
[WhiteElo "2657"]
[BlackElo "2446"]
[TimeControl "180+1"]
[EndTime "14:26:56 PDT"]
[Termination "jguerramzllo won on time"]

1. e4 c5 2. Nf3 d6 3. d4 cxd4 4. Nxd4 Nf6 5. Nc3 Nc6 6. Bg5 e6 7. Qd2 a6 8. O-O-O Bd7 9. f4 b5 10. Bxf6 gxf6 11. Kb1 b4 12. Nce2 Qb6 13. g3 Rc8 14.
Bg2 Na5 15. b3 Nb7 16. Rhe1 a5 17. e5 f5 18. Bxb7 Qxb7 19. exd6 Bg7 20. Ng1 O-O 21. Ngf3 Rc3 22. Ne5 Rfc8 23. g4 fxg4 24. Nxg4 Qd5 25. Ne5 Qxd6 26. Rg1 Qd5 27. Nxd7 Kh8 28. Ne5 Bxe5 29. fxe5 Qxe5 30. Rde1 Qf6 31. Ref1 Qe7 32. Qh6 f5 33. Nxe6 Rxc2 34. Rg7 1-0

[Event "Late-Titled-Tuesday-Blitz-October-10-2023"]
[Site "Chess.com"]
[Date "2023.10.10"]
[Round "3"]
[White "Cambek64"]
[Black "pinguino120"]
[Result "0-1"]
[WhiteElo "2411"]
[BlackElo "2227"]
[TimeControl "180+1"]
[EndTime "14:26:56 PDT"]
[Termination "pinguino120 won by resignation"]

1. e4 c5 2. Nc3 a6 3. d4 cxd4 4.
Qxd4 Nc6 5. Qd2 Nf6 6. b3 e6 7. a3 d5 8. exd5 exd5 9. Bb2 Qa5 10. Bd3 Be6 11. Nge2 Be7 12. O-O O-O 13. Nf4 d4 14.
Nb1 Qc7 15. Nxe6 fxe6 16. Qe2 Bd6 17. g3 Rae8 18. Nd2 Nd5 19. Ne4 Ne5 20. Nxd6 Qxd6 21. Bxd4 Nf3+ 22. Kg2 Nxd4 23. Qg4 Nf6 24. Qh4 Qc6+ 25. f3 Nxc2 26. Rac1 Ne3+ 27. Kh3 Qd5 28. Bc4 Qh5 29. Qxh5 Nxh5 30. Rfe1 Nxc4 31. Rxc4 Rxf3 32. Rc7 Rf7 33. Rec1 Nf6 34. Kh4 e5 35. g4 e4 36.
g5 Nd5 37. Rxf7 Kxf7 38. Kg4 e3 39. Kf3 e2 40. Re1 Nc3 41. h4 Rd8 42. Ke3 Rd1 0-1

[Event "Late-Titled-Tuesday-Blitz-October-10-2023"]
[Site "Chess.com"]
[Date "2023.10.10"]
[Round "3"]
[White "cthulhuuu"]
[Black "Cayse"]
[Result "0-1"]
[WhiteElo "2468"]
[BlackElo "2858"]
[TimeControl "180+1"]
[EndTime "14:26:57 PDT"]
[Termination "Cayse won by resignation"]

1. e4 e5 2. Nf3 Nc6 3. Bb5 a6 4.
Bxc6 dxc6 5. O-O Bg4 6. h3 h5 7. d3 Qf6 8. Nbd2 Bd6 9. Re1 Ne7 10. d4 Ng6 11. hxg4 hxg4 12. Nh2 Rxh2 13. Qxg4 Rh4 14. Qg3 exd4 15. e5 Qe6 16. Nf3 Be7 17. Nxh4 Bxh4 18. Qh3 Qxh3 19. gxh3 O-O-O 20. Re4 c5 21. f4 Ne7 22.
Bd2 Nf5 23. e6 Nd6 24. Re2 fxe6 25. Rxe6 Nc4 26. Bc1 d3 27. cxd3 Rxd3 28. b3 Rd1+ 29. Kg2 Nd6 30. Kf3 Bf6 31. Rxf6 gxf6 32. Bb2 Rd3+ 33. Ke2 Rxh3 34. Bxf6 b5 35. Rg1 Rh2+ 36. Kf3 Rxa2 37. Be5 Ra3 38. Rg7 Rxb3+ 39. Kg4 Rb1 40. f5 Rg1+ 41. Bg3 Rxg3+ 42. Kxg3 Nxf5+ 43. Kf4 Nxg7 0-1

[Event "Late-Titled-Tuesday-Blitz-October-10-2023"]
[Site "Chess.com"]
[Date "2023.10.10"]
[Round "3"]
[White "Walter_White_Poland"]
[Black "Maestro1986"]
[Result "1-0"]
[WhiteElo "2338"]
[BlackElo "2539"]
[TimeControl "180+1"]
[EndTime "14:26:57 PDT"]
[Termination "Walter_White_Poland won by checkmate"]

1. e4 c5 2. Nf3 Nf6 3. Nc3 d6 4.
d4 cxd4 5. Nxd4 g6 6. Be3 Bg7 7. f3 O-O 8. Qd2 Nc6 9. O-O-O Nxd4 10. Bxd4 Be6 11. Kb1 a5 12. a4 Nd7 13. Bxg7 Kxg7 14.
g4 Rc8 15. h4 Ne5 16. Be2 h6 17. f4 Nxg4 18. f5 Nf2 19. Qd4+ f6 20. Qxf2 Bf7 21. fxg6 Bg8 22. Qd4 Rc5 23. h5 Qc8 24. Bb5 b6 25. Rhf1 Qe6 26. Rf5 Rfc8 27. Rxc5 Rxc5 28. Nd5 Kf8 29. c4 Qg4 30. Nxe7 Qe6 31. Nf5 Re5 32. Qxd6+ Qxd6 33. Rxd6 Rxe4 34. Rd8+ Re8 35.
Rxe8# 1-0

[Event "Late-Titled-Tuesday-Blitz-October-10-2023"]
[Site "Chess.com"]
[Date "2023.10.10"]
[Round "3"]
[White "sergoy"]
[Black "MKlose11"]
[Result "1/2-1/2"]
[WhiteElo "2976"]
[BlackElo "2632"]
[TimeControl "180+1"]
[EndTime "14:26:58 PDT"]
[Termination "Game drawn by repetition"]

1. d4 Nf6 2. c4 c5 3. d5 b5 4. cxb5 a6 5. bxa6 Bxa6 6. Nc3 g6 7. e4 Bxf1 8. Kxf1 d6 9. g3 Bg7 10. Kg2 O-O 11. Nf3 Nbd7 12. Qe2 Qb6 13. a4 Rfb8 14. Nb5 Ne8 15. Ra3 Nc7 16. Nxc7 Qxc7 17. b3 Rb7 18. Bg5 Ne5 19. Nxe5 Bxe5 20. Bd2 Rab8 21. Qc4 Bb2 22. Ra2 Rxb3 23. a5 Bf6 24. a6 Qa7 25.
Rc1 R8b6 26. h4 Rb2 27. Rxb2 Rxb2 28. Ba5 Bd4 29. Rf1 h5 30. Qd3 Ra2 31. Qb5 Kg7 32.
Kh3 Rb2 33. Qc6 Ra2 34. Qb5 Bxf2 35. Qb7 c4 36. Bc3+ f6 37. Rxf2 Qxf2 38. Qxe7+ Kg8 39. Qd8+ Kf7 40. Qd7+ Kg8 41. Qe8+ Kg7 42. Qe7+ Kg8 43. Qe8+ Kg7 44. Qe7+ 1/2-1/2

[Event "Late-Titled-Tuesday-Blitz-October-10-2023"]
[Site "Chess.com"]
[Date "2023.10.10"]
[Round "3"]
[White "Ramosha"]
[Black "ItalianMachine"]
[Result "1-0"]
[WhiteElo "2618"]
[BlackElo "2414"]
[TimeControl "180+1"]
[EndTime "14:26:59 PDT"]
[Termination "Ramosha won on time"]

1. e4 e5 2. Nf3 Nc6 3. Nc3 Nf6 4. h3 Bb4 5. Bc4 O-O 6. O-O Bxc3 7. dxc3 Nxe4 8. Re1 Nf6 9. Nxe5 Nxe5 10. Rxe5 d6 11.
Re1 d5 12. Bd3 h6 13. Qf3 c5 14. b3 b6 15. c4 Be6 16. cxd5 Qxd5 17. Qg3 Kh8 18. Bb2 Nh5 19. Qe3 Qg5 20. Qf3 Nf4 21. Bc1 Nxh3+ 22. Qxh3 Qf6 23. Qe3 Qxa1 24. Qe4 g6 25. Bxh6 Qc3 26. Re3 Qd4 27. Bxf8 Qxe4 28. Bxe4 Rxf8 29. Bxg6 Rd8 30. Bd3 Rd4 31. Re4 Rd6 32.
f3 Kg7 33. Kf2 Bf5 34. Re3 Be6 35. g4 Kf6 36. Re4 Kg5 37. Kg3 Kf6 38. f4 Kg7 39.
f5 Bd7 40. Kf4 Bc6 41. Re7 Rd4+ 42. Kg5 a5 43. f6+ Kf8 44. Bf5 Be8 45. Rb7 Rd6 46.
Rb8 b5 47. Bd3 a4 48. Bxb5 1-0

[Event "Late-Titled-Tuesday-Blitz-October-10-2023"]
[Site "Chess.com"]
[Date "2023.10.10"]
[Round "3"]
[White "Gentlejimmy7"]
[Black "Iball95"]
[Result "0-1"]
[WhiteElo "2498"]
[BlackElo "2833"]
[TimeControl "180+1"]
[EndTime "14:27:01 PDT"]
[Termination "Iball95 won by resignation"]

1. c4 e6 2. g3 d5 3. Nf3 Nf6 4. Bg2 c5 5. d4 Nc6 6. O-O Be7 7.
cxd5 exd5 8. dxc5 Bxc5 9. Nc3 O-O 10. a3 a5 11. Bg5 d4 12. Nb5 h6 13. Rc1 Bb6 14. Bf4 Nd5 15. Rxc6 bxc6 16. Nbxd4 Nxf4 17. gxf4 Qf6 18. e3 Bg4 19. Qa4 Rac8 20.
Ne5 Bxd4 21. Nxg4 Qg6 22. Nxh6+ Qxh6 23. Qxd4 c5 24. Qc3 Qb6 25. Rc1 Rfd8 26. Bf1 Rd6 27.
Bd3 Rcd8 28. Be4 Re6 29. Bf5 Rf6 30. Be4 Qe6 31. f3 Qh3 32. Qc2 Rdd6 33. f5 Rd8 34.
Qg2 Qh6 35. f4 Rfd6 36. Re1 Rd2 37. Re2 Rxe2 38. Qxe2 Qh4 39. Qf2 Qf6 40. b3 Qc3 41.
Bg2 Qxb3 42. f6 Qd1+ 43. Bf1 Qg4+ 44. Qg3 Qxg3+ 45. hxg3 gxf6 46. Kf2 Rd2+ 47. Kf3 Ra2 48. Ke4 Rxa3 49. Kd5 Rxe3 50. Kxc5 Rxg3 51. Kb5 Rf3 52.
Be2 Rxf4 53. Kxa5 Rd4 54. Kb5 Kg7 55. Kc5 Rd8 56. Bc4 f5 57. Bd5 f4 58. Kd4 Rxd5+ 59. Kxd5 f3 0-1

[Event "Late-Titled-Tuesday-Blitz-October-10-2023"]
[Site "Chess.com"]
[Date "2023.10.10"]
[Round "3"]
[White "luizzy"]
[Black "Zampronha1971"]
[Result "1-0"]
[WhiteElo "2553"]
[BlackElo "2282"]
[TimeControl "180+1"]
[EndTime "14:27:01 PDT"]
[Termination "luizzy won by resignation"]

1. b3 e5 2. Bb2 Nc6 3. e3 d5 4. Bb5 Bd6 5. f4 Qh4+ 6. g3 Qe7 7. Nf3 f6 8. O-O Bg4 9. Be2 e4 10. Nh4 Bxe2 11. Qxe2 g6 12. c4 dxc4 13. Qxc4 O-O-O 14. Nc3 Re8 15. Nd5 Qd7 16. Bxf6 Nxf6 17. Nxf6 Qe7 18. Nxe8 Rxe8 19. Rac1 Nb4 20. f5 g5 21. f6 Qd7 22.
Nf5 Nd3 23. f7 Rf8 24. Nxd6+ Qxd6 25. Rc3 Ne5 26. Qxe4 Rxf7 27. Rxf7 Nxf7 28. Qf5+ Qd7 29. Qxd7+ Kxd7 30. d4 Nd6 31. Rc5 h6 32. Kg2 c6 33. h4 b6 34. Re5 Nf7 35. Rf5 Ke6 36. Rf1 g4 37. e4 c5 38. d5+ Ke7 39. Rf4 b5 40. Rxg4 c4 41. bxc4 bxc4 42. Rf4 Ne5 43. Rf2 Kd6 44. Rc2 h5 45. Kf2 Kc5 46. Ke3 Kb4 47.
d6 Kc5 48. Kf4 Kd4 49. Rd2+ Kc3 50. Rd5 Nd3+ 51. Kg5 Nf2 52. Kf5 1-0

[Event "Late-Titled-Tuesday-Blitz-October-10-2023"]
[Site "Chess.com"]
[Date "2023.10.10"]
[Round "3"]
[White "RCone"]
[Black "talaicito"]
[Result "0-1"]
[WhiteElo "2444"]
[BlackElo "2230"]
[TimeControl "180+1"]
[EndTime "14:27:01 PDT"]
[Termination "talaicito won on time"]

1. e4 c5 2. Nc3 Nc6 3. Bb5 Nd4 4.
Nf3 a6 5. Bd3 b5 6. Nxd4 cxd4 7.
Ne2 e5 8. a4 b4 9. Bc4 Nf6 10.
d3 d5 11. exd5 Nxd5 12. O-O Be7 13. f4 exf4 14. Nxf4 Nxf4 15. Rxf4 O-O 16. Qf3 Be6 17. Bxe6 fxe6 18. Rxf8+ Qxf8 19. Qe4 Kh8 20. Bf4 Rc8 21.
Rf1 Bf6 22. Be5 Qe7 23. Qxd4 Qc5 24. c3 Qxe5 25. Qxe5 Bxe5 26. d4 bxc3 27. bxc3 Bf6 28. Rf3 Kg8 29. Kf2 Rc4 30. a5 Ra4 31. Ke2 Rxa5 32.
Kd3 Ra3 33. Rf2 a5 34. Rb2 a4 35. Rb7 Rb3 36. Ra7 Rb2 0-1

[Event "Late-Titled-Tuesday-Blitz-October-10-2023"]
[Site "Chess.com"]
[Date "2023.10.10"]
[Round "3"]
[White "rochaaaaaaaaaa"]
[Black "protectiago"]
[Result "1-0"]
[WhiteElo "2398"]
[BlackElo "2080"]
[TimeControl "180+1"]
[EndTime "14:27:02 PDT"]
[Termination "rochaaaaaaaaaa won on time"]

1. e4 e5 2. Nf3 Nc6 3. Bc4 Bc5 4. O-O Nf6 5. d3 h6 6. c3 d6 7. Re1 Bb6 8. Nbd2 O-O 9. h3 Ne7 10. a4 a6 11. Nf1 Ng6 12. Ng3 c6 13. Bb3 Be6 14.
d4 Bxb3 15. Qxb3 Re8 16. Be3 exd4 17. Bxd4 Bxd4 18. cxd4 b5 19. axb5 axb5 20. Rxa8 Qxa8 21. Qb4 c5 22. dxc5 dxc5 23. Qxc5 Nxe4 24. Nxe4 Rxe4 25. Rxe4 Qxe4 26. Qxb5 Nf4 27. Qe5 Qb1+ 28. Kh2 Nd3 29. Qe8+ Kh7 30. Qe4+ Kg8 31. Ne5 Qh1+ 32.
Kg3 Nxe5 33. Qxe5 Qb1 34. Qc3 Kf8 35. b4 g6 36. Qc5+ Ke8 37. b5 Qd3+ 38. Kh2 Qd2 39. g3 1-0

[Event "Late-Titled-Tuesday-Blitz-October-10-2023"]
[Site "Chess.com"]
[Date "2023.10.10"]
[Round "3"]
[White "SereneSalmon"]
[Black "Dacean99"]
[Result "0-1"]
[WhiteElo "2411"]
[BlackElo "2597"]
[TimeControl "180+1"]
[EndTime "14:27:05 PDT"]
[Termination "Dacean99 won on time"]

1. d4 Nf6 2. c4 e6 3. g3 d5 4. Bg2 Be7 5. Nf3 O-O 6. O-O a6 7. Qc2 dxc4 8. a4 Nc6 9. Qxc4 Bd7 10. Qc2 Rc8 11. Nc3 b5 12. axb5 axb5 13. Nxb5 Nb4 14. Qc4 c5 15. Na3 cxd4 16. Qxd4 Bc5 17. Qd1 Qe7 18. Ne5 Rfd8 19. Nxd7 Rxd7 20. Qb3 Ng4 21. h3 Ne5 22. Bf4 Ng6 23. Be3 Nd5 24. Bxc5 Rxc5 25.
Rac1 Rdc7 26. Rxc5 Qxc5 27. e4 Nf6 28. Rd1 h5 29.
Qb5 Qa7 30. Qe2 h4 31. Nb5 Qa6 32. g4 Rb7 33. Bf1 e5 34. Rd8+ Kh7 35. g5 Nf4 36.
Qd1 N6h5 37. Qd6 Qxd6 38. Rxd6 Nxh3+ 39. Bxh3 Rxb5 40. Rd7 Kg6 41. Bf5+ Kxg5 42. Rxf7 Rxb2 43. Re7 Kf4 44. Rf7 Kg5 45. Re7 Rb1+ 46. Kh2 Rb5 47. Bd7 Rc5 48. Rf7 g6 0-1

[Event "Late-Titled-Tuesday-Blitz-October-10-2023"]
[Site "Chess.com"]
[Date "2023.10.10"]
[Round "3"]
[White "WDCH"]
[Black "Grischuk"]
[Result "0-1"]
[WhiteElo "2722"]
[BlackElo "2983"]
[TimeControl "180+1"]
[EndTime "14:27:06 PDT"]
[Termination "Grischuk won by resignation"]

1. Nf3 d5 2. c4 d4 3. d3 Nc6 4.
g3 e5 5. Bg2 Bb4+ 6. Nfd2 a5 7.
O-O Nf6 8. Na3 O-O 9. Nc2 Bd6 10.
e3 dxe3 11. Nxe3 Re8 12. Ne4 Nd4 13. Nxf6+ Qxf6 14. Nd5 Qd8 15. Be3 c6 16. Nc3 Nf5 17.
Bd2 Bc5 18. Ne4 Bd4 19. Rb1 h6 20. Qh5 g6 21. Qd1 Kg7 22. Kh1 Nd6 23. f4 Nxe4 24.
dxe4 exf4 25. Bxf4 Be6 26. Qc2 Qb6 27. Rfc1 Qc5 28. b3 Red8 29. Rd1 Be5 30. Rf1 Rd7 31. Rbe1 Rad8 32. Re2 g5 33. Be3 Qb4 34. Bc1 b5 35.
a3 Qc5 36. cxb5 Qxc2 37. Rxc2 cxb5 38. b4 axb4 39. axb4 Bc4 40. Re1 Rd1 0-1

[Event "Late-Titled-Tuesday-Blitz-October-10-2023"]
[Site "Chess.com"]
[Date "2023.10.10"]
[Round "3"]
[White "rezamahdavi2008"]
[Black "angryspacevoid"]
[Result "1-0"]
[WhiteElo "2872"]
[BlackElo "2544"]
[TimeControl "180+1"]
[EndTime "14:27:06 PDT"]
[Termination "rezamahdavi2008 won by resignation"]

1. e4 c5 2. Nf3 Nf6 3. e5 Nd5 4. Nc3 e6 5. Ne4 Nc6 6. c4 f5 7. cxd5 fxe4 8. dxc6 exf3 9. Qxf3 dxc6 10. Be2 g6 11. h4 Qd5 12. Qg3 Bg7 13. f4 Bd7 14. h5 O-O-O 15. h6 Bf8 16. d3 c4 17. dxc4 Bb4+ 18. Kf1 Qd4 19. Qe3 Bc5 20. Qxd4 Bxd4 21. Rb1 Rhf8 22. Bf3 Be8 23. Ke2 g5 24. Be4 gxf4 25. Bxh7 Bxe5 26. Bd2 c5 27. Be4 Rd4 28. Bf3 Bg6 29. Rbd1 Bd3+ 30. Kf2 Bc2 31. Bc3 Bxd1 32. Bxd1 Re4 33. Bc2 Re3 34. Bxe5 Rxe5 35. h7 Rh8 36.
Rh6 Kd7 37. Rg6 Rxh7 38. Rg8 Rf7 39. Bd1 Kc6 40. Bf3+ Kb6 41. Rd8 Rg5 42. Rd6+ Kc7 43. Rxe6 Rd7 44. Re2 Rgg7 45. a3 Rge7 46. Rc2 Re3 47.
Bd5 Rg7 48. b4 b6 49. bxc5 bxc5 50. Rb2 Kd6 51. a4 Ra3 52. Bf3 Rxa4 53. Rd2+ Kc7 54. Bd5 Rd7 55. Rb2 Rb4 56. Ra2 Kd6 57. Kf3 Ke5 58. Re2+ Kf6 59. Re6+ Kf5 60. Rc6 Rxd5 61. cxd5 Ke5 62. Rxc5 Kd6 63. Ra5 Rd4 64. Rxa7 Kxd5 65.
Rd7+ 1-0

[Event "Late-Titled-Tuesday-Blitz-October-10-2023"]
[Site "Chess.com"]
[Date "2023.10.10"]
[Round "3"]
[White "JG-17"]
[Black "chosenpr"]
[Result "0-1"]
[WhiteElo "2478"]
[BlackElo "2262"]
[TimeControl "180+1"]
[EndTime "14:27:06 PDT"]
[Termination "chosenpr won by checkmate"]

1. e4 e5 2. Nc3 Bc5 3. Bc4 Nc6 4. d3 Nf6 5. f4 d5 6. Nxd5 Bxg1 7. Rxg1 Nxd5 8.
Bxd5 Qh4+ 9. Kf1 Bg4 10. Qe1 Qxh2 11. Bxc6+ bxc6 12. Qf2 O-O 13. f5 Qh5 14. Bd2 Rab8 15. Bc3 f6 16. Qxa7 g6 17. Kf2 gxf5 18. Rh1 Qg5 19. Qe3 f4 20. Qd2 Bh5 21. Rh3 Bg4 22. Rh2 f5 23. exf5 Bxf5 24. Rah1 Bg6 25. Rh3 Rbd8 26.
a4 e4 27. Qe2 Qc5+ 28. Ke1 exd3 29. cxd3 Rfe8 30. a5 Rxe2+ 31. Kxe2 Qe7+ 32. Kd2 Qe4 33. Re1 Rxd3+ 34. Kc1 Qd5 35. Rh4 Re3 36. Rd1 Qe4 37. Rd2 Qb1# 0-1

[Event "Late-Titled-Tuesday-Blitz-October-10-2023"]
[Site "Chess.com"]
[Date "2023.10.10"]
[Round "3"]
[White "Aygehovit1992"]
[Black "hansen"]
[Result "0-1"]
[WhiteElo "2693"]
[BlackElo "2924"]
[TimeControl "180+1"]
[EndTime "14:27:07 PDT"]
[Termination "hansen won on time"]

1. e4 e5 2. Nf3 Nc6 3. Bb5 a6 4. Ba4 Nf6 5. O-O Be7 6. d3 d6 7. c3 O-O 8. Nbd2 Nd7 9. b4 Kh8 10. Bc2 f5 11. exf5 Nb6 12. Ne4 Bxf5 13. Ng3 Bg4 14.
Re1 Nd5 15. Bd2 Bxf3 16. gxf3 Bg5 17. Kh1 Bxd2 18. Qxd2 Qh4 19. Re4 Qh3 20. Rg1 Rxf3 21. Bd1 Rf4 22. c4 Raf8 23. Rxf4 Nxf4 24. Bf3 Nd4 25. Be4 Rf6 26. Qe3 c6 27. Nf1 Qh6 28. b5 axb5 29. cxb5 g6 30. bxc6 bxc6 31. a4 Kg7 32. a5 Nh3 33. f3 Nxg1 34. Qxh6+ Kxh6 35. Kxg1 d5 0-1

[Event "Late-Titled-Tuesday-Blitz-October-10-2023"]
[Site "Chess.com"]
[Date "2023.10.10"]
[Round "3"]
[White "cande_francisco"]
[Black "Hirna2005"]
[Result "1-0"]
[WhiteElo "2537"]
[BlackElo "2269"]
[TimeControl "180+1"]
[EndTime "14:27:07 PDT"]
[Termination "cande_francisco won by resignation"]

1. e4 g6 2. d4 Bg7 3. Nc3 d6 4.
Nf3 a6 5. Be3 b5 6. Bd3 Bb7 7.
Qd2 Nd7 8. a4 b4 9. Nd5 Ngf6 10.
c4 bxc3 11. Nxc3 Ng4 12. Bg5 c5 13. Ne2 cxd4 14. Nexd4 Nc5 15. O-O O-O 16. Rfe1 Ne5 17. Bc2 Nxf3+ 18. Nxf3 Bxb2 19. Rab1 Bg7 20. Bh6 Rb8 21.
h4 Qd7 22. h5 Qg4 23. Bxg7 Kxg7 24.
Qd4+ f6 25. hxg6 hxg6 26. Nh2 Qg5 27. Re3 Ne6 28. Qd1 Qc5 29. Rg3 g5 30. Ng4 Rh8 31.
Ne3 Nd4 32. Qxd4 Qxd4 33. Nf5+ Kf7 34. Nxd4 Rh4 35. Rgb3 Rbh8 36. Kf1 Bc8 37. Ke2 Rh2 38.
g3 Bg4+ 39. Ke3 R8h3 40. Rb8 Bh5 41. Bb3+ Kg7 42. Be6 g4 43. Nf5+ Kg6 44. Rg8+ Kh7 45. Rg7+ Kh8 46. Rb8+ 1-0

[Event "Late-Titled-Tuesday-Blitz-October-10-2023"]
[Site "Chess.com"]
[Date "2023.10.10"]
[Round "3"]
[White "GMG"]
[Black "Fandorine"]
[Result "1/2-1/2"]
[WhiteElo "2721"]
[BlackElo "2927"]
[TimeControl "180+1"]
[EndTime "14:27:08 PDT"]
[Termination "Game drawn by repetition"]

1. Nf3 Nf6 2. g3 b6 3. Bg2 Bb7 4. c4 c5 5. O-O g6 6. d4 Bg7 7. d5 b5 8. Nc3 bxc4 9. Nd2 O-O 10.
Nxc4 d6 11. a4 Nbd7 12. a5 Ba6 13. Nd2 Rb8 14. Qc2 Qc7 15. h3 c4 16. Nf3 Nc5 17.
Nd4 Nb3 18. Nxb3 cxb3 19. Qd1 Nd7 20. Be3 Rb4 21. Bd2 Nc5 22. Re1 Rfb8 23. Bf3 h5 24. Kg2 Rc4 25. Qb1 Nd7 26. Rc1 f5 27. Kh2 Ne5 28.
Bg2 h4 29. Re1 Qc5 30. Be3 hxg3+ 31. Kh1 gxf2 32. Bxc5 fxe1=Q+ 33. Qxe1 Rxc5 34. Qg3 Kh7 35. e4 f4 36. Qh4+ Kg8 37. Qxe7 Rxc3 38. bxc3 b2 39.
Rb1 Bd3 40. Qxd6 Rb3 41. Qd8+ Kh7 42. Qh4+ Kg8 43. Qd8+ Kh7 44. Qh4+ Kg8 45. Qd8+ 1/2-1/2

[Event "Late-Titled-Tuesday-Blitz-October-10-2023"]
[Site "Chess.com"]
[Date "2023.10.10"]
[Round "3"]
[White "Eliwood44"]
[Black "albi1999"]
[Result "1-0"]
[WhiteElo "2479"]
[BlackElo "2636"]
[TimeControl "180+1"]
[EndTime "14:27:08 PDT"]
[Termination "Eliwood44 won on time"]

1. d4 e6 2. c4 Bb4+ 3. Nd2 b6 4. a3 Bxd2+ 5. Qxd2 Bb7 6. f3 f5 7. Nh3 Nf6 8. e3 O-O 9. Bd3 a5 10. O-O a4 11. Qf2 c5 12. Bd2 Nc6 13. Bc3 Qe7 14.
d5 exd5 15. cxd5 Ne5 16. Bxf5 Nxd5 17. Be4 Nxc3 18. Bxb7 Rab8 19. Ba6 Ne4 20. Qc2 Nf6 21.
Bb5 d5 22. Rae1 Kh8 23. Nf4 c4 24. Qd2 Rbd8 25. Bxa4 g5 26. Nh3 Nd3 27. Rd1 g4 28. Nf4 gxf3 29. Rxf3 Ne4 30. Qe2 Nxf4 31. exf4 d4 32.
Qxc4 Nc5 33. Bc2 d3 34. Bxd3 Rf6 35. Qc3 Ne4 36. Qe1 Qc5+ 37. Kh1 Nd6 38. Rh3 Rf7 39. b4 1-0

[Event "Late-Titled-Tuesday-Blitz-October-10-2023"]
[Site "Chess.com"]
[Date "2023.10.10"]
[Round "3"]
[White "GaiozNigalidze"]
[Black "Noki102"]
[Result "0-1"]
[WhiteElo "2719"]
[BlackElo "2472"]
[TimeControl "180+1"]
[EndTime "14:27:10 PDT"]
[Termination "Noki102 won by checkmate"]

1. d4 d5 2. c4 e6 3. Nc3 Nf6 4. cxd5 exd5 5. Bg5 a6 6. e3 Be6 7. Qb3 Nbd7 8. Nf3 c5 9. dxc5 Nxc5 10. Qd1 Qb6 11.
Bxf6 gxf6 12. Be2 Ne4 13. O-O Nxc3 14. bxc3 Bd6 15. Nd4 Qc7 16. g3 O-O 17. Bd3 Kg7 18.
Nxe6+ fxe6 19. Qg4+ Kf7 20. Bxh7 Ke7 21. Bd3 Rg8 22. Qe2 Rg5 23. e4 dxe4 24. Bxe4 Rag8 25.
Bg2 Bc5 26. Rae1 e5 27. Qe4 R8g7 28. Qxb7 Qxb7 29. Bxb7 Rh5 30. Re4 Rgh7 31. h4 Rg7 32. Rc4 Rxg3+ 33. Kh2 Rg7 34. Bc8 Bd6 35. Bh3 f5 36. f4 e4 37. Re1 Rxh4 38. Re2 Bxf4+ 39. Kh1 Rxh3+ 40. Rh2 Rxh2# 0-1

[Event "Late-Titled-Tuesday-Blitz-October-10-2023"]
[Site "Chess.com"]
[Date "2023.10.10"]
[Round "3"]
[White "BardArtem"]
[Black "ThaBarWa"]
[Result "1-0"]
[WhiteElo "2795"]
[BlackElo "2415"]
[TimeControl "180+1"]
[EndTime "14:27:10 PDT"]
[Termination "BardArtem won by resignation"]

1. e4 c6 2. Nc3 d5 3. Qe2 dxe4 4. Nxe4 Nf6 5. Nxf6+ gxf6 6. g3 Bf5 7. d3 e6 8. Bg2 Nd7 9. Nf3 Bd6 10. Nh4 Bg6 11. Bd2 Qc7 12. O-O-O O-O-O 13. Kb1 Kb8 14. Rhe1 f5 15.
f4 Rhe8 16. Nf3 f6 17. Qf2 Bf7 18. Bc3 e5 19. fxe5 fxe5 20. Nh4 f4 21. Be4 Bh5 22. Bf3 fxg3 23. hxg3 Rf8 24. Qg2 Bf7 25. Nf5 Bc5 26.
Ne3 Bd4 27. Bd2 Qb6 28. c3 Bc5 29. Nc4 Qa6 30. b3 Bg6 31. Be4 Bh5 32. g4 Bf7 33.
Rf1 Bxc4 34. dxc4 Qb6 35. Rxf8 Rxf8 36. Rf1 Rd8 37. Bg5 Rg8 38. Qd2 Qc7 39. Rf7 Kc8 40. Bf5 1-0

[Event "Late-Titled-Tuesday-Blitz-October-10-2023"]
[Site "Chess.com"]
[Date "2023.10.10"]
[Round "3"]
[White "MathiasWomacka"]
[Black "K_alena13"]
[Result "1-0"]
[WhiteElo "2522"]
[BlackElo "2160"]
[TimeControl "180+1"]
[EndTime "14:27:11 PDT"]
[Termination "MathiasWomacka won on time"]

1. e4 e5 2. Nf3 Nc6 3. Bb5 a6 4. Bxc6 dxc6 5. O-O Bg4 6. h3 h5 7. d3 Qf6 8. Nbd2 Ne7 9. Re1 Ng6 10. d4 Bxf3 11.
Nxf3 Bd6 12. c3 Nh4 13. Nxe5 Bxe5 14. dxe5 Qxe5 15. Be3 Ng6 16. Qd4 O-O 17. Qxe5 Nxe5 18. Rad1 Rad8 19. Bf4 f6 20. Kf1 Kf7 21. Ke2 Ke6 22.
Bxe5 fxe5 23. Rxd8 Rxd8 24. Rd1 Rf8 25. Rd3 h4 26. Rf3 Rd8 27. Rf5 g6 28. Rg5 Kf6 29. Rg4 g5 30. g3 hxg3 31. fxg3 Rh8 32. h4 gxh4 33. Rxh4 Rg8 34. Kf3 Rg7 35. g4 c5 36.
Rh6+ Ke7 37. Rh5 Kd6 38. g5 Rf7+ 39. Ke3 Rf4 40. Rh6+ Ke7 41. Rh7+ Kd6 42. g6 Rg4 43. g7 Rg3+ 44. Kf2 Rg4 45. Kf3 Rg6 46. Rh6 1-0

[Event "Late-Titled-Tuesday-Blitz-October-10-2023"]
[Site "Chess.com"]
[Date "2023.10.10"]
[Round "3"]
[White "Mikhal867"]
[Black "ozates"]
[Result "0-1"]
[WhiteElo "2463"]
[BlackElo "2767"]
[TimeControl "180+1"]
[EndTime "14:27:14 PDT"]
[Termination "ozates won on time"]

1. c4 c5 2. Nf3 Nc6 3. g3 e5 4. Nc3 g6 5. Bg2 Bg7 6. O-O Nge7 7. d3 O-O 8. a3 a5 9. e4 h6 10. Nb5 d6 11. Ne1 f5 12. f4 fxe4 13. dxe4 Nd4 14. Nd3 Nec6 15. Be3 h5 16. fxe5 Bg4 17. Qa4 Be2 18.
Rxf8+ Qxf8 19. Nf4 dxe5 20. Nxg6 Qf6 21. Nh4 Rf8 22. Nc7 Bh6 23. Bxh6 Qxh6 24. Nf5 Rxf5 25. exf5 Qe3+ 26. Kh1 Bf3 27. Nd5 Qf2 28. Rg1 Ne2 29. Qd1 Nxg3+ 30. hxg3 Bxd1 31. Rxd1 Nd4 32. f6 Qxg3 33.
Rg1 Qh4+ 34. Bh3+ Kf8 35. Kg2 Ne2 36. Rd1 Qg3+ 37. Kf1 Nd4 38. Bg2 h4 39. Ne7 h3 40.
Bxb7 h2 0-1